 Dungeon Crawl Stone Soup version 0.25-a0-521-gb5d5f98535 (webtiles) character file.

Game seed: 2186108076018952631, levelgen mode: deterministic

45 Forecaster the Magician (level 3, -8/28 HPs)
             Began as a Naga Wizard on Feb 18, 2020.
             Mangled by Crazy Yiuf
             ... wielding a +4 quarterstaff of chaos
              (13 damage)
             ... on level 2 of the Dungeon.
             The game lasted 00:08:12 (1487 turns).

Forecaster the Magician (Naga Wizard)               Turns: 1487, Time: 00:08:12

Health: -8/28      AC:  2    Str: 10    XL:     3   Next: 64%
Magic:  1/8        EV: 10    Int: 18    God:
Gold:   50         SH:  0    Dex:  9    Spells: 4/9 levels left

rFire    . . .     SeeInvis +   e - +0 dagger
rCold    . . .     Gourm    .   (no shield)
rNeg     . . .     Faith    .   a - +0 robe
rPois    +         Spirit   .   b - +0 hat
rElec    .         Reflect  .   (no cloak)
rCorr    .         Harm     .   (no gloves)
MR       .....                  (no barding)
Stlth    ++........             (no amulet)
HPRegen  0.09/turn              (no ring)
MPRegen  0.11/turn              (no ring)

@: very slightly contaminated, very slow
A: large, see invisible, deformed body, poison resistance, slowness 2, slow
metabolism 1, spit poison 1, AC +1
a: Spit Poison


You were on level 2 of the Dungeon.
You were not hungry.

You visited 1 branch of the dungeon, and saw 2 of its levels.

You collected 50 gold pieces.

Inventory:

Hand Weapons
 e - a +0 dagger (weapon)
 f - a +0 short sword
 h - a +0 dagger
Missiles
 g - 44 stones (quivered)
 m - 17 poisoned darts
Armour
 a - a +0 robe (worn)
 b - a +0 hat (worn)
Scrolls
 i - a scroll of immolation {unknown}
 k - a scroll of enchant armour {unknown}
 l - 2 scrolls of teleportation {unknown}
Potions
 j - a potion of flight {unknown}
Comestibles
 c - 2 chunks of flesh
 d - 4 rations


   Skills:
 + Level 0.2 Fighting
 + Level 0.5 Short Blades
 + Level 2.0 Dodging
 + Level 3.1 Stealth
 + Level 3.8 Spellcasting
 + Level 1.2 Conjurations
 + Level 1.0 Summonings
 + Level 1.0 Translocations


You had 4 spell levels left.
You knew the following spells:

 Your Spells              Type           Power        Failure   Level  Hunger
a - Magic Dart            Conj           #...         9%          1    None
b - Call Imp              Summ           #.......     16%         2    ##.....
c - Blink                 Tloc           N/A          16%         2    ##.....

Your spell library contained the following spells:

 Spells                   Type           Power        Failure   Level  Hunger
 Slow                     Hex            #.......     22%         2    ##.....
 Conjure Flame            Conj/Fire      #.......     34%         3    ###....
 Mephitic Cloud           Conj/Pois/Air  #.......     36%         3    ###....


Dungeon Overview and Level Annotations

Branches:
Dungeon (2/15)

Altars:

Annotations:
D:2 Crazy Yiuf


Innate Abilities, Weirdness & Mutations

You cannot wear boots.
Your serpentine skin is tough. (AC +1)
You have supernaturally acute eyesight. (SInv)
Armour fits poorly on your strangely shaped body.
Your system is resistant to poisons. (rPois)
You cover ground very slowly.
You have a slow metabolism.
You can spit poison.


Message History

Crazy Yiuf hits you with a +4 quarterstaff of chaos.
Crazy Yiuf burns you.
Crazy Yiuf grits, "Cod!
Gnoll wrapper chair."
Your crimson imp blinks!
Crazy Yiuf closely misses you.
You barely miss Crazy Yiuf.
Your crimson imp blinks!
You hit Crazy Yiuf but do no damage.
Your crimson imp blinks!
Crazy Yiuf hits you with a +4 quarterstaff of chaos!
* * * LOW HITPOINT WARNING * * *
Crazy Yiuf burns you.
* * * LOW HITPOINT WARNING * * *
Your crimson imp blinks!
Casting: Call Imp (safe; 16% risk of failure)
Confirm with . or Enter, or press ? or * to list all spells.
You don't have enough magic to cast that spell.
Crazy Yiuf yells, "Race!"
Crazy Yiuf hits you with a +4 quarterstaff of chaos!
You die...

#<#
##.####..........
#.# ##.#
#..........
#.###..#
#..........
#......#
#.########.
###....#
#.########.
#'..'#
#..........
♣.P..♣
######.#.##
♣.P.♣♣ #.#...
♣♣@♣♣ #.#### ♣g♣♣
#.# ♣♣.♣ #.# ♣5♣♣
#.# ♣♣.♣ #.####
#§# #..<.. ...
#####> #..§# #.
#..)# #.


You could see Crazy Yiuf.

Vanquished Creatures
  An ooze (D:1)
  A worm (D:2)
  2 dart slugs (D:1)
  2 leopard geckos (D:1)
  5 giant cockroaches
  4 goblins (D:1)
  5 hobgoblins
  A quokka (D:2)
  2 bats (D:1)
  A frilled lizard (D:1)
  2 kobolds (D:1)
  4 rats
30 creatures vanquished.

Notes
Turn   | Place    | Note
-------+----------+-------------------------------------------
     0 | D:1      | Forecaster the Naga Wizard began the quest for the Orb.
     0 | D:1      | Reached XP level 1. HP: 15/15 MP: 4/4
   197 | D:1      | Reached XP level 2. HP: 19/22 MP: 0/6
   643 | D:1      | Reached XP level 3. HP: 14/28 MP: 2/8
  1033 | D:2      | Learned a level 2 spell: Call Imp
  1036 | D:2      | Learned a level 2 spell: Blink
  1471 | D:2      | Found a runed translucent door.
  1472 | D:2      | Noticed Crazy Yiuf
  1487 | D:2      | Mangled by Crazy Yiuf

Levels and vault maps discovered:
D:1:      minmay_arrival_jagged, layout_basic, chequers_serial_rivers_small_b,
          interstate_on_off, feat_on_display
D:2:      layout_loops_ring, serial_bayou_crossing, uniq_crazy_yiuf_cottage

Skill      XL: |  1  2  3 |
---------------+----------+-----
Dodging        | 2 |  2.0
Fighting       | |  0.2
Short Blades   | |  0.5
Stealth        | |  3.1
Spellcasting   | |  3.8
Conjurations   | |  1.2
Summonings     | |  1.0
Translocations | |  1.0

Action                   || total
-------------------------++-------
Melee: Short sword       ||    36
       Dagger            ||    40
 Cast: Magic Dart        ||    61
       Call Imp          ||     3
       Blink             ||     1
 Stab: Sleeping          ||     4
  Eat: Chunk             ||     1
Armor: Robe              ||    17
Dodge: Dodged            ||    42

Table legend:
 A = Non-vault XP
 B = Vault XP
 C = Vault XP percentage of total XP
 D = Non-vault monster count
 E = Vault monster count
 F = Vault count percentage of total count
                 A         B        C        D         E       F
            +---------+---------+-------+---------+---------+-------
      Total |      65 |       0 |   0.0 |      30 |       0 |   0.0
            +---------+---------+-------+---------+---------+-------
        D:1 |      46 |       0 |   0.0 |      21 |       0 |   0.0
        D:2 |      19 |       0 |   0.0 |       9 |       0 |   0.0
            +---------+---------+-------+---------+---------+-------
